 Dungeon Crawl Stone Soup version 0.28.0-43-g3370ac3207 (webtiles) character file.

Game seed: 11365124643831971430

58 nickcage the Slasher (level 4, -4/35 HPs)
             Began as a Formicid Abyssal Knight on Mar 24, 2022.
             Was a Follower of Lugonu.
             Killed from afar by a white imp (6 damage)
             ... with a puff of frost
             ... summoned by Natasha
             ... on level 2 of the Dungeon.
             The game lasted 00:03:38 (1464 turns).

nickcage the Slasher (Formicid Abyssal Knight)      Turns: 1464, Time: 00:03:40

Health: -4/35      AC:  3    Str: 20    XL:     4   Next: 20%
Magic:  5/5        EV: 11    Int:  9    God:    Lugonu [*.....]
Gold:   49         SH:  5    Dex: 11    Spells: 3/3 levels left

rFire   . . .      SeeInvis +   a - +1 falchion
rCold   . . .      Faith    .   (no shield)
rNeg    . . .      Spirit   .   b - +0 leather armour
rPois   .          Reflect  +   (helmet unavailable)
rElec   .          Harm     .   (no cloak)
rCorr   .          Rampage  .   (no gloves)
Will    .....                   (no boots)
Stlth   +.........              h - amulet of reflection
HPRegen 0.11/turn               (no ring)
MPRegen 0.09/turn               (no ring)

@: no status effects
A: permanent stasis, dig shafts and tunnels, antennae 3, four strong arms
a: Dig, Shaft Self, Renounce Religion, Depart the Abyss


You were on level 2 of the Dungeon.
You worshipped Lugonu.
Lugonu was aware of your devotion.
You visited 1 branch of the dungeon, and saw 2 of its levels.
You visited the Abyss 1 time.

You collected 49 gold pieces.

Inventory:

Hand Weapons
 a - a +1 falchion (weapon)
Armour
 b - a +0 leather armour (worn)
Jewellery
 h - an amulet of reflection (around neck)
Scrolls
 c - a scroll of fear {unknown}
 d - 2 scrolls of identify {unknown}
 e - a scroll of teleportation {unknown}
 i - 2 scrolls of immolation {unknown}
 l - a scroll of enchant armour {unknown}
Potions
 f - a potion of attraction {unknown}
 g - 3 potions of heal wounds {unknown}
 j - 2 potions of curing {unknown}
 k - a potion of mutation {unknown}


   Skills:
 - Level 3.2 Fighting
 + Level 4.0 Long Blades
 - Level 2.1 Armour
 - Level 0.8 Dodging
 + Level 0.9 Shields
 - Level 2.1 Invocations


You had 3 spell levels left.
You didn't know any spells.
Your spell library contained the following spells:

 Spells                   Type           Power      Damage    Failure   Level
 Animate Skeleton         Necr           0%         N/A       43%         1
 Apportation              Tloc           0%         N/A       43%         1
 Summon Small Mammal      Summ           0%         N/A       43%         1


Dungeon Overview and Level Annotations

Branches:
Dungeon (2/15)

Altars:

Annotations:
D:2 Natasha


Innate Abilities, Weirdness & Mutations

You cannot be hasted, slowed, berserked, paralysed or teleported.
You can dig through walls and to a lower floor.
You have a pair of large antennae on your head. (SInv)
Your four strong arms can wield two-handed weapons with a shield.


Message History

The endoplasm is moderately wounded.
You block the endoplasm's attack.
You slash the endoplasm!
You kill the endoplasm!
Lugonu accepts your kill.
You slash the goblin!
You kill the goblin!
Lugonu accepts your kill.
Items here: ( )) †.
You start resting.
You sense a monster nearby.
You start resting.
Natasha, Servant of Life and Death comes into view.
Natasha hisses angrily.
You hit Natasha.
Natasha is lightly wounded.
Natasha barely misses you.
You barely miss Natasha.
Natasha is lightly wounded.
Natasha claws you but does no damage.
You closely miss Natasha.
Natasha is lightly wounded.
Natasha claws you but does no damage.
You hit Natasha.
Natasha is moderately wounded.
You block Natasha's attack.
Natasha mumbles some strange words.
You hit Natasha.
Natasha is severely wounded.
Natasha casts a spell at you. The magic dart hits you!
* * * LOW HITPOINT WARNING * * *
The white imp barely misses you.
You barely miss Natasha.
Natasha is severely wounded.
Natasha claws you!
* * * LOW HITPOINT WARNING * * *
The white imp gestures at you. The puff of frost hits you.
You die...

..#.. #.# #.
....##.# #..
....... #..
.###..#.# #..
.........
#..## #....# #
.... #w.# #.
#####h###.#
{#..#
#.##...†5@...#
#.w#
#.....##.#####
##..
#.....'..# #..
#.....####
.##.###.
###.....#####
{ ........
#...........#
###.####
#...........#
#.####
#...........#
#.....
###'#########
######


You could see Natasha and a white imp (summoned).

Vanquished Creatures
  Natasha (D:2)
  A worm (D:2)
  A dart slug (D:1)
  2 bats (D:1)
  6 endoplasms
  A giant cockroach (D:2)
  2 goblins
  2 hobgoblins (D:1)
  4 ball pythons
  A frilled lizard (D:1)
  5 kobolds (D:1)
  2 rats (D:1)
28 creatures vanquished.

Notes
Turn   | Place    | Note
-------+----------+-------------------------------------------
     0 | Abyss:1  | nickcage the Formicid Abyssal Knight began the quest for
                  | the Orb.
     0 | Abyss:1  | Reached XP level 1. HP: 18/18 MP: 2/2
     9 | D:1      | Escaped the Abyss
   348 | D:1      | Reached XP level 2. HP: 24/24 MP: 3/3
   366 | D:1      | Reached * piety under Lugonu
   638 | D:1      | Reached skill level 3 in Long Blades
   732 | D:1      | Reached XP level 3. HP: 29/29 MP: 4/4
  1041 | D:2      | Noticed Natasha
  1049 | D:2      | Killed Natasha
  1050 | D:2      | Reached XP level 4. HP: 13/35 MP: 5/5
  1397 | D:2      | Reached skill level 4 in Long Blades
  1458 | D:2      | Noticed Natasha
  1464 | D:2      | Killed from afar by a white imp

Illustrated notes

Levels and vault maps discovered:
D:1:      amcnicky_arrival_double_pillar, layout_basic, minivault_4
D:2:      layout_basic, hellmonk_ecumenical_altar_heavens_door, uniq_sigmund,
          uniq_natasha

Skill      XL: |  1  2  3  4 |
---------------+-------------+-----
Long Blades    | 3 4 |  4.0
Fighting       | |  3.2
Armour         | |  2.1
Dodging        | |  0.8
Shields        | |  0.9
Invocations    | |  2.1

Action                   |  1- 3 |  4- 6 || total
-------------------------+-------+-------++-------
Melee: Falchion          |    57 |    23 ||    80
       Punch             |     1 |       ||     1
Invok: Depart the Abyss  |     1 |       ||     1
Armor: Leather armour    |    11 |     5 ||    16
Dodge: Dodged            |    29 |    12 ||    41
Block: Other             |    10 |     8 ||    18
       Reflection        |     1 |       ||     1
